 Dungeon Crawl Stone Soup version 0.22.1-6-g1668fe2 (webtiles) character file.

3043 havocjr2 the Nimble (level 9, -4/106 HPs)
             Began as a Gnoll Gladiator on Jan 26, 2019.
             Was a Follower of Vehumet.
             Slain by a yak (10 damage)
             ... on level 8 of the Dungeon.
             The game lasted 00:51:21 (7377 turns).

havocjr2 the Nimble (Gnoll Gladiator)               Turns: 7377, Time: 00:51:22

Health: -4/106     AC: 24    Str: 17    XL:     9   Next: 86%
Magic:  15/15      EV:  2    Int: 14    God:    Vehumet [*.....]
Gold:   434        SH:  0    Dex: 16    Spells: 13/17 levels left

rFire    . . .     SeeInvis .   s - +0 spear (curse)
rCold    . . .     Gourm    .   (no shield)
rNeg     + + +     Faith    .   (armour currently unavailable)
rPois    +         Spirit   .   (helmet currently unavailable)
rElec    .         Reflect  .   (cloak currently unavailable)
rCorr    .         Harm     .   (gloves currently unavailable)
MR       .....     NoTele   +   (boots currently unavailable)
Stlth    ++........             (no amulet)
HPRegen  0.27/turn              p - ring of attention (curse)
MPRegen  0.14/turn              e - -4 ring of evasion (curse)

@: tree-form (expiring)
A: distributed training, strong nose
a: Renounce Religion


You were on level 8 of the Dungeon.
You worshipped Vehumet.
Vehumet was aware of your devotion.
You were very hungry.
You were a tree.
You visited 2 branches of the dungeon, and saw 9 of its levels.

You collected 434 gold pieces.

Inventory:

Hand Weapons
 a - a +1 long sword
 g - a +2 dagger of electrocution
 h - a +0 short sword of venom
 k - a +0 falchion of flaming
 m - a +2 shortbow of freezing
 s - a cursed +0 spear (weapon)
Missiles
 d - 2 throwing nets (quivered)
 i - 175 arrows
 r - 81 bolts
Armour
 c - a +2 helmet (melded)
 w - a +1 ring mail of fire resistance (melded)
 B - a +2 cloak (melded)
 H - a cursed +0 plate armour
Jewellery
 e - a cursed -4 ring of evasion (right branch)
 p - a cursed ring of attention (left branch)
Wands
 o - a wand of polymorph (13)
 t - a wand of paralysis (4)
 u - a wand of iceblast (5)
 v - a wand of enslavement (5)
 D - a wand of flame (33)
 G - a wand of clouds (9)
Scrolls
 j - a scroll of identify
 n - 2 scrolls of fear
 x - 4 scrolls of magic mapping
Potions
 l - 2 potions of lignification
 q - a potion of cancellation
 z - a potion of degeneration
 A - 2 potions of flight
 C - a potion of invisibility
 E - a potion of berserk rage
Comestibles
 f - 12 rations


   Skills:
 + Level 6.5 Fighting
 + Level 4.5 Short Blades
 + Level 8.1 Long Blades
 + Level 4.5 Axes
 + Level 4.5 Maces & Flails
 + Level 4.5 Polearms
 + Level 4.5 Staves
 + Level 4.5 Slings
 + Level 4.5 Bows
 + Level 4.5 Crossbows
 + Level 6.5 Throwing
 + Level 4.5 Armour
 + Level 8.1 Dodging
 + Level 4.5 Stealth
 + Level 4.5 Shields
 + Level 4.5 Unarmed Combat
 + Level 4.5 Spellcasting
 + Level 3.7 Conjurations
 + Level 3.7 Hexes
 + Level 3.7 Charms
 + Level 3.7 Summonings
 + Level 3.7 Necromancy
 + Level 3.7 Translocations
 + Level 3.7 Transmutations
 + Level 3.7 Fire Magic
 + Level 3.7 Ice Magic
 + Level 3.7 Air Magic
 + Level 3.7 Earth Magic
 + Level 3.7 Poison Magic
 + Level 5.0 Invocations
 + Level 4.5 Evocations


You had 13 spell levels left.
You knew the following spells:

 Your Spells              Type           Power        Failure   Level  Hunger
a - Magic Dart            Conj           ##..         3%          1    None
b - Regeneration          Chrm/Necr      ##........   12%         3    ###....

Your spell library contained the following spells:

 Spells                   Type           Power        Failure   Level  Hunger
 Infusion                 Chrm           ##..         3%          1    None
 Shroud of Golubria       Chrm/Tloc      ##........   6%          2    ##.....
 Song of Slaying          Chrm           ##......     6%          2    ##.....
 Spectral Weapon          Hex/Chrm       ##......     12%         3    ###....


Dungeon Overview and Level Annotations

Branches:
Dungeon (8/15)             Temple (1/1) D:4            Lair (0/6) D:8

Altars:
Ashenzari
Cheibriados
Dithmenos
Elyvilon
Fedhas
Gozag
Hepliaklqana
Kikubaaqudgha
Makhleb
Nemelex Xobeh
Okawaru
Qazlal
Ru
Sif Muna
Trog
Uskayaw
Vehumet
Wu Jian
Xom
Yredelemnul
Zin
The Shining One

Annotations:
D:7 Menkaure


Innate Abilities, Weirdness & Mutations

Your experience applies equally to all skills.
((You have very sharp teeth.))
Your uncanny sense of smell can sniff out nearby items.


Message History

The yak gores you but does no damage.
You hit the yak.
The yak is heavily wounded.
The yak gores you but does no damage.
You hit the yak.
The yak is severely wounded.
Your transformation is almost over.
The yak gores you!
* * * LOW HITPOINT WARNING * * *
You closely miss the yak.
The yak is severely wounded.
The yak gores you.
* * * LOW HITPOINT WARNING * * *
You hit the yak but do no damage.
The yak is severely wounded.
The yak gores you but does no damage.
You hit the yak but do no damage.
The yak is severely wounded.
The yak gores you!
You die...

#)# ##.#####.........÷#.##....
###.####..# #.........(÷.......
.........######....>....##...#...
........#..............Y####.....
..........................##.....
........#######......Y.....#.....
..>......############............
.......#......#######.#####......
..[....######..Y♣(.......####....
######## #####........# #####
#........########
#................
############........##......
##.....##...............#####
##......[....(.[.......###
#..................#####
#................###


You could see a yak.

Vanquished Creatures
  Maurice (D:8)
  A yak (D:8)
  A water moccasin (D:5)
  An orc warrior (D:6)
  4 ice beasts
  A black bear (D:7)
  2 phantoms
  3 centaurs
  3 big kobolds (D:8)
  4 bullfrogs
  2 scorpions
  A howler monkey (D:5)
  3 crimson imps
  3 hounds
  A quasit (D:5)
  A jelly (D:7)
  A bullfrog skeleton (D:5)
  3 orc priests
  6 orc wizards
  An iguana (D:6)
  Ijyb (D:3)
  Natasha (thrice) (D:3)
  2 worker ants
  3 hound skeletons
  Robin (D:3)
  10 adders
  An adder skeleton (D:7)
  A worm (D:2)
  3 dart slugs
  3 leopard geckos
  12 orcs
  8 bats
  3 giant cockroaches
  8 goblins
  8 hobgoblins
  7 jackals
  3 quokkas
  A frilled lizard (D:4)
  A jackal skeleton (D:4)
  6 kobolds
  A quokka skeleton (D:6)
  4 rats
133 creatures vanquished.

Vanquished Creatures (others)
  An iguana (D:7)
  A kobold (D:7)
2 creatures vanquished.

Grand Total: 135 creatures vanquished

Notes
Turn   | Place    | Note
-------+----------+-------------------------------------------
     0 | D:1      | havocjr2 the Gnoll Gladiator began the quest for the Orb.
     0 | D:1      | Reached XP level 1. HP: 20/20 MP: 1/1
   101 | D:1      | Reached XP level 2. HP: 22/26 MP: 2/2
   656 | D:2      | Reached XP level 3. HP: 31/31 MP: 3/3
  1182 | D:2      | Reached skill level 1 in Invocations
  1425 | D:3      | Noticed Natasha
  1466 | D:3      | Killed Natasha
  1466 | D:3      | Reached skill level 1 in Short Blades
  1466 | D:3      | Reached skill level 1 in Axes
  1466 | D:3      | Reached skill level 1 in Maces & Flails
  1466 | D:3      | Reached skill level 1 in Polearms
  1466 | D:3      | Reached skill level 1 in Staves
  1466 | D:3      | Reached skill level 1 in Slings
  1466 | D:3      | Reached skill level 1 in Bows
  1466 | D:3      | Reached skill level 1 in Crossbows
  1466 | D:3      | Reached skill level 1 in Armour
  1466 | D:3      | Reached skill level 1 in Stealth
  1466 | D:3      | Reached skill level 1 in Shields
  1466 | D:3      | Reached skill level 1 in Unarmed Combat
  1466 | D:3      | Reached skill level 1 in Spellcasting
  1466 | D:3      | Reached skill level 1 in Evocations
  1466 | D:3      | Reached XP level 4. HP: 19/38 MP: 5/5
  1665 | D:3      | Noticed Robin
  1678 | D:3      | Killed Robin
  1678 | D:3      | Reached skill level 1 in Conjurations
  1678 | D:3      | Reached skill level 1 in Hexes
  1678 | D:3      | Reached skill level 1 in Charms
  1678 | D:3      | Reached skill level 1 in Summonings
  1678 | D:3      | Reached skill level 1 in Necromancy
  1678 | D:3      | Reached skill level 1 in Translocations
  1678 | D:3      | Reached skill level 1 in Transmutations
  1678 | D:3      | Reached skill level 1 in Fire Magic
  1678 | D:3      | Reached skill level 1 in Ice Magic
  1678 | D:3      | Reached skill level 1 in Air Magic
  1678 | D:3      | Reached skill level 1 in Earth Magic
  1678 | D:3      | Reached skill level 1 in Poison Magic
  1758 | D:3      | Noticed Ijyb
  1763 | D:3      | Paralysed by Ijyb for 5 turns
  1770 | D:3      | Killed Ijyb
  1770 | D:3      | Reached XP level 5. HP: 41/43 MP: 6/6
  2003 | D:3      | Noticed Natasha
  2008 | D:3      | Killed Natasha
  2165 | D:3      | Noticed Natasha
  2170 | D:3      | Killed Natasha
  2439 | D:4      | Noticed a phantom
  2470 | D:4      | Killed a phantom
  2470 | D:4      | Reached XP level 6. HP: 42/50 MP: 8/8
  2600 | D:4      | Reached skill level 5 in Fighting
  2600 | D:4      | Reached skill level 5 in Throwing
  3193 | D:4      | Found a staircase to the Ecumenical Temple.
  3209 | Temple   | Entered the Ecumenical Temple
  3407 | Temple   | Became a worshipper of Vehumet
  3467 | D:5      | Entered Level 5 of the Dungeon
  3520 | D:5      | Reached XP level 7. HP: 52/56 MP: 10/10
  3825 | D:5      | Found a sacrificial altar of Ru.
  4049 | D:5      | Reached XP level 8. HP: 53/63 MP: 12/12
  4646 | D:6      | Reached * piety under Vehumet
  4646 | D:6      | Offered knowledge of Magic Dart by Vehumet.
  5068 | D:6      | Reached XP level 9. HP: 69/69 MP: 14/14
  5071 | D:6      | Learned a level 1 spell: Magic Dart
  5721 | D:7      | Noticed Menkaure
  6373 | D:8      | Found a shimmering altar of Xom.
  6374 | D:8      | Found a deep blue altar of Sif Muna.
  6375 | D:8      | Found a glowing golden altar of the Shining One.
  6376 | D:8      | Found a shattered altar of Ashenzari.
  6377 | D:8      | Found a blossoming altar of Fedhas.
  6391 | D:8      | Found a hazy altar of Hepliaklqana.
  6392 | D:8      | Found an opulent altar of Gozag.
  6422 | D:8      | Found an iron altar of Okawaru.
  6518 | D:8      | Noticed Maurice
  6542 | D:8      | Killed Maurice
  6553 | D:8      | Learned a level 3 spell: Regeneration
  6803 | D:8      | Found a staircase to the Lair.
  6874 | D:8      | Found a sacrificial altar of Ru.
  7072 | D:8      | Reached skill level 5 in Invocations
  7377 | D:8      | Slain by a yak

Skill      XL: |  1  2  3  4  5  6  7  8  9 |
---------------+----------------------------+-----
Invocations    | 1 2 3 4 5 |  5.0
Short Blades   | 1 2 3 4 |  4.5
Axes           | 1 2 3 4 |  4.5
Maces & Flails | 1 2 3 4 |  4.5
Polearms       | 1 2 3 4 |  4.5
Staves         | 1 2 3 4 |  4.5
Slings         | 1 2 3 4 |  4.5
Bows           | 1 2 3 4 |  4.5
Crossbows      | 1 2 3 4 |  4.5
Armour         | 1 2 3 4 |  4.5
Stealth        | 1 2 3 4 |  4.5
Shields        | 1 2 3 4 |  4.5
Unarmed Combat | 1 2 3 4 |  4.5
Spellcasting   | 1 2 3 4 |  4.5
Evocations     | 1 2 3 4 |  4.5
Conjurations   | 1 2 3 |  3.7
Hexes          | 1 2 3 |  3.7
Charms         | 1 2 3 |  3.7
Summonings     | 1 2 3 |  3.7
Necromancy     | 1 2 3 |  3.7
Translocations | 1 2 3 |  3.7
Transmutations | 1 2 3 |  3.7
Fire Magic     | 1 2 3 |  3.7
Ice Magic      | 1 2 3 |  3.7
Air Magic      | 1 2 3 |  3.7
Earth Magic    | 1 2 3 |  3.7
Poison Magic   | 1 2 3 |  3.7
Fighting       | 5 6 |  6.5
Throwing       | 5 6 |  6.5
Long Blades    | 7 8 |  8.1
Dodging        | 7 8 |  8.1

Action                   |  1- 3 |  4- 6 |  7- 9 || total
-------------------------+-------+-------+-------++-------
Melee: Long sword        |    67 |   114 |   173 ||   354
       Bite              |    13 |    10 |    42 ||    65
       Punch             |       |       |     7 ||     7
       Spear             |       |       |   129 ||   129
 Fire: Shortbow          |       |       |    56 ||    56
Throw: Throwing net      |     2 |     4 |     1 ||     7
       Tomahawk          |       |     6 |    28 ||    34
 Cast: Regeneration      |       |       |     4 ||     4
  Use: Scroll            |     8 |     4 |     9 ||    21
       Potion            |       |     3 |     6 ||     9
 Stab: Held in net/web   |       |     1 |       ||     1
       Invisible         |       |       |     2 ||     2
  Eat: Chunk             |     2 |     6 |    12 ||    20
Armor: Ring mail         |    18 |    38 |   107 ||   163
       Skin              |       |       |    15 ||    15
Dodge: Dodged            |    51 |    90 |   206 ||   347
       Rpst.: Long sword |    20 |    23 |    43 ||    86
